 Dungeon Crawl Stone Soup version 0.30-a0-365-ge7f957f1db (webtiles) character file.

Game seed: 11655927176858274497

106941 koil the Brawler (level 15, -3/247 HPs)
             Began as a Troll Berserker on Nov 17, 2022.
             Was a High Priest of Trog.
             Slain by a spark wasp (5 damage)
             ... on level 1 of the Spider Nest.
             The game lasted 01:59:24 (25186 turns).

koil the Brawler (Troll Berserker)                 Turns: 25186, Time: 01:59:24

Health: -3/247     AC: 18    Str: 48    XL:     15   Next: 99%
Magic:  14/14      EV: 14    Int:  3    God:    Trog [*****.]
Gold:   1958       SH:  0    Dex: 13    Spells: 14/14 levels left

rFire   + . .      SeeInvis +    X - +8 executioner's axe "Troll's Regret" {vorpal, *Corrode +Blink rElec rN+}
rCold   x . .      Faith    .    (shield currently unavailable)
rNeg    + + .      Spirit   .    m - +0 swamp dragon scales
rPois   +          Reflect  .    l - +2 hat {SInv}
rElec   +          Harm     .    j - +2 cloak
rCorr   .          Rampage  .    (gloves unavailable)
Will    +....                    (boots unavailable)
Stlth   ..........               p - amulet of regeneration
HPRegen 2.21/turn                d - ring of Caarghos {rN+ Str+8}
MPRegen 0.14/turn                g - ring "Edwacv Puent" {rF+ rC- Str+5 Dex+4 Slay+4}

@: berserking, very quick
A: large, unfitting armour, claws 3, regeneration 1, shaggy fur 1, tough skin 1
a: Renounce Religion, Evoke Blink, Berserk, Trog's Hand, Brothers in Arms


You were on level 1 of the Spider Nest.
You worshipped Trog.
Trog was extremely pleased with you.
You visited 5 branches of the dungeon, and saw 24 of its levels.
You also visited: Gauntlet and Volcano.

You collected 2468 gold pieces.
You spent 510 gold pieces at shops.

Inventory:

Hand Weapons
 b - a +0 antimagic arbalest
 X - the +8 executioner's axe "Troll's Regret" (weapon) {vorpal, *Corrode +Blink rElec rN+}
   (Trog gifted it to you on level 5 of the Lair of Beasts)

   It inflicts extra damage upon your enemies.
   rElec:     It insulates you from electricity.
   rN:        It protects you from negative energy.
   +Blink:    It lets you blink.
   *Corrode:  It may corrode you when you take damage.
Missiles
 c - 53 poisoned darts
 s - 2 curare-tipped darts {!f}
 A - 4 atropa-tipped darts
 V - 6 datura-tipped darts
Armour
 j - a +2 cloak (worn)
 l - a +2 hat of see invisible (worn)
 m - +0 swamp dragon scales (worn)
 t - the +3 shadow dragon scales of the Sufficient Heron {rN+ Int+3 Stlth++++}
   (You acquired it on level 13 of the Dungeon)

   Int:       It affects your intelligence (+3).
   rN:        It protects you from negative energy.
   Stlth:     It makes you much more stealthy.
 I - a scarf of repulsion
 M - +0 fire dragon scales
Jewellery
 d - the ring of Caarghos (left claw) {rN+ Str+8}
   (You acquired it in the Ecumenical Temple)

   [ring of positive energy]

   Str:       It affects your strength (+8).
   rN:        It protects you from negative energy.
 g - the ring "Edwacv Puent" (right claw) {rF+ rC- Str+5 Dex+4 Slay+4}
   (You found it in a Gauntlet)

   [ring of slaying]

   Str:       It affects your strength (+5).
   Dex:       It affects your dexterity (+4).
   Slay:      It affects your accuracy & damage with ranged weapons and melee
   (+4).
   rF:        It protects you from fire.
   rC:        It makes you vulnerable to cold.
 i - the ring of Upseunol {Wiz Will+}
   (You took it off a minotaur in a Gauntlet)

   [ring of wizardry]

   It improves your spell success rate.
   Will:      It increases your willpower.
 p - an amulet of regeneration (around neck)
 r - the ring of Rais {Ice rN+ MP+9}
   (You found it on level 11 of the Dungeon)

   [ring of ice]

   It enhances your ice magic.
   rF:        It makes you vulnerable to fire.
   rC:        It protects you from cold.
   rN:        It protects you from negative energy.
   MP:        It affects your magic capacity (+9).
 x - a ring of poison resistance
 G - a +4 ring of protection
Wands
 h - a wand of acid (7)
 q - a wand of flame (16)
 w - a wand of polymorph (9)
 F - a wand of paralysis (17)
 L - a wand of roots (28)
Scrolls
 e - 5 scrolls of butterflies
 f - 14 scrolls of teleportation
 k - 2 scrolls of magic mapping
 v - a scroll of blinking
 y - a scroll of silence
 z - a scroll of enchant armour
 B - a scroll of enchant weapon
 E - 4 scrolls of identify
 Y - 2 scrolls of fear
Potions
 a - 4 potions of ambrosia
 n - 8 potions of curing
 o - 4 potions of cancellation
 u - a potion of flight
 O - 3 potions of invisibility
 Q - 3 potions of heal wounds
 R - 5 potions of might
 T - 2 potions of haste
Miscellaneous
 D - a phantom mirror
 J - a box of beasts


   Skills:
 + Level 14.5 Fighting
 + Level 12.5 Armour
 + Level 12.8 Dodging
 + Level 15.0 Unarmed Combat


You had 14 spell levels left.
You didn't know any spells.
Your spell library was empty.

Dungeon Overview and Level Annotations

Branches:
Dungeon (15/15)            Temple (1/1) D:4            Lair (5/5) D:10
 Shoals (0/4) Lair:3       Spider (1/4) Lair:3        Slime (0/5) Lair:5
    Orc (2/2) D:10            Elf (0/3) Orc:2        Vaults (0/5) D:14
 Depths (0/4) D:15        Volcano (visited)         Gauntlet (visited)

Altars:
Ashenzari
Cheibriados
Dithmenos
Elyvilon
Fedhas
Gozag
Kikubaaqudgha
Makhleb
Nemelex Xobeh
Qazlal
Ru
Sif Muna
Uskayaw
Wu Jian
Xom
Yredelemnul
Zin
The Shining One
Lugonu

Shops:
D:4 (   D:6 ?(   D:11 *   Orc:2 *=*[


Innate Abilities, Weirdness & Mutations

You are too large for most types of armour.
You have claws for hands.
Your natural rate of healing is unusually fast.
You are covered in fur. (AC +1)
You have tough skin. (AC +1)


Message History

The spark wasp is moderately wounded.
The spark wasp stings you. The spark wasp shocks you!
You scratch the spark wasp.
The spark wasp is moderately wounded.
The spark wasp misses you. The spark wasp stings you!
The spark wasp shocks you!
You barely miss the spark wasp.
The spark wasp is moderately wounded.
The spark wasp stings you! The spark wasp shocks you!
* * * LOW HITPOINT WARNING * * *
The spark wasp closely misses you.
A red film seems to cover your vision as you go berserk!
You feel yourself moving faster!
You feel mighty! The spark wasp stings you!
* * * LOW HITPOINT WARNING * * *
The spark wasp shocks you!
* * * LOW HITPOINT WARNING * * *
The spark wasp barely misses you. The spark wasp stings you.
* * * LOW HITPOINT WARNING * * *
The spark wasp shocks you!
* * * LOW HITPOINT WARNING * * *
You are too berserk!
You are too berserk!
Unknown command.
X - the +8 executioner's axe "Troll's Regret" (weapon)
{vorpal, *Corrode +Blink rElec rN+} You feel a strong urge to attack something.
The spark wasp stings you but does no damage.
Unknown command.
You chop the spark wasp into pieces!!!
You kill the spark wasp!
Trog accepts your kill.
You miss the spark wasp.
The spark wasp stings you but does no damage.
The spark wasp closely misses you.
Unknown command.
You open the spark wasp like a pillowcase!!!
The spark wasp is almost dead.
The spark wasp stings you!!
* * * LOW HITPOINT WARNING * * *
The spark wasp shocks you. You resist.
You die...

######...#...##
#.#....#.#.#...
#.#!...#####...
#....#.....#.#. #
##..###....###. #.
#...#.#..###... #.##
##.#..^#..^.#...
#..y##......###..#^#.
#..@.##..#.^.#..##.#
##.###.#.#..##...###
###...###...#..####
#..#^>.# ###....##
#.##.#.# #.......
######## ##.#.#..
##..#.# ##.### ###


You could see a spark wasp.

Vanquished Creatures
  3 spark wasps (Spider:1)
  A minotaur (Gauntlet)
  An ettin (Orc:1)
  Josephine (Orc:2)
  A yaktaur captain (D:11)
  6 hydras
  2 fire dragons
  An ogre mage (D:15)
  The ghost of MrSquiggles the Frost Mage, a journeyman OpCj of Vehumet (Lair:2)
  7 centaur warriors
  4 boulder beetles
  2 catoblepae
  8 two-headed ogres
  A death knight (D:14)
  4 tengu warriors
  A fire crab (Lair:5)
  2 pharaoh ants (Spider:1)
  An orb spider (Spider:1)
  4 wizards
  4 steelbarb worms (Spider:1)
  4 lindwurms (Volcano)
  A necromancer (D:15)
  12 orc knights
  A deep elf pyromancer (D:9)
  6 ugly things
  2 orc sorcerers (D:15)
  7 wolf spiders (Spider:1)
  An oklob plant (Gauntlet)
  4 cyclopes
  2 manticores (D:15)
  6 slime creatures
  13 elephants
  3 merfolk sirens (Lair:3)
  2 black mambas
  A smoke demon (Volcano)
  2 torpor snails (Spider:1)
  7 cane toads
  2 rime drakes
  Maggie (D:6)
  A kobold demonologist (D:12)
  4 demonic crawlers (Spider:1)
  3 efreet
  An unseen horror (D:9)
  A tengu conjurer (D:11)
  4 freezing wraiths
  6 komodo dragons
  4 polar bears
  A merfolk (Lair:3)
  6 trolls
  8 tarantellas (Spider:1)
  5 hornets
  A queen bee (Lair:1)
  Prince Ribbit (D:8)
  2 dream sheep
  5 blink frogs (Lair:1)
  A meliai zombie (D:15)
  A shadow (D:10)
  5 jumping spiders (Spider:1)
  A spriggan (shapeshifter) (D:15)
  2 vampires
  11 spriggans (Lair:5)
  4 culicivoras (Spider:1)
  6 wraiths
  3 wyverns
  A fire elemental (Gauntlet)
  40 yaks
  2 basilisks (D:10)
  21 vampire mosquitoes
  21 redbacks
  7 steam dragons (Volcano)
  5 wargs (Orc:2)
  7 hell hounds
  3 acid dragons
  A meliai simulacrum (D:15)
  14 water moccasins
  42 orc warriors
  8 black bears
  An ice beast (D:8)
  2 sky beasts (D:7)
  10 boggarts
  9 ogres
  24 wolves
  16 centaurs
  2 phantoms
  3 kobold brigands
  8 bullfrogs
  4 necrophages (D:7)
  4 scorpions
  7 wights (D:6)
  39 killer bees
  2 electric eels (D:6)
  5 howler monkeys
  3 vampire bats (D:14)
  4 centaur zombies
  3 hounds
  5 jellies (Lair:5)
  13 orc priests
  4 gnoll boudas
  2 iguanas
  21 orc wizards
  4 adders
  13 gnolls
  4 shadow imps
  4 white imps
  An ufetubus (D:6)
  A worm (D:2)
  2 dart slugs
  108 orcs
  6 ball pythons
  2 bat skeletons (D:14)
  2 bat zombies (D:14)
  8 endoplasms
  A giant cockroach (D:4)
  13 goblins
  11 hobgoblins
  10 jackals
  17 kobolds
  5 quokkas
  5 bats
  A frilled lizard (D:1)
  7 rats
  50 bushes
  28 fungi
  41 plants
926 creatures vanquished.

Notes
Turn   | Place    | Note
-------+----------+-------------------------------------------
     0 | D:1      | koil the Troll Berserker began the quest for the Orb.
     0 | D:1      | Reached XP level 1. HP: 22/22 MP: 0/0
   128 | D:1      | Reached XP level 2. HP: 22/29 MP: 1/1
   554 | D:1      | Reached XP level 3. HP: 36/36 MP: 2/2
   654 | D:1      | Reached skill level 1 in Armour
   824 | D:2      | Reached ** piety under Trog
  1067 | D:3      | Noticed a scorpion
  1074 | D:3      | Killed a scorpion
  1075 | D:3      | Reached XP level 4. HP: 45/45 MP: 3/3
  1574 | D:3      | Reached XP level 5. HP: 49/53 MP: 4/4
  1582 | D:3      | Found a glowing silver altar of Zin.
  2059 | D:4      | Found a staircase to the Ecumenical Temple.
  2104 | D:4      | Reached skill level 4 in Unarmed Combat
  2108 | D:4      | HP: 3/53 [orc priest/divine providence (12)]
  2397 | D:4      | Found a glowing golden altar of the Shining One.
  2478 | D:4      | Reached *** piety under Trog
  2568 | D:4      | Found Ufyper's Weapon Boutique.
  2609 | D:4      | Identified the +6 trident of the Nurturing Oracle {vorpal,
                  | Drain rF- MP+9 Dex+6}
  2777 | D:4      | Found an ornate altar of the Wu Jian Council.
  2826 | Temple   | Entered the Ecumenical Temple
  2908 | D:5      | Entered Level 5 of the Dungeon
  2908 | D:5      | Noticed a black bear
  2916 | D:5      | Killed a black bear
  2917 | D:5      | Reached XP level 6. HP: 53/61 MP: 5/5
  3183 | D:5      | Reached XP level 7. HP: 42/68 MP: 6/6
  3347 | D:5      | Reached skill level 5 in Unarmed Combat
  3404 | D:5      | Found a shadowy altar of Dithmenos.
  3535 | D:6      | Noticed Maggie
  3554 | D:6      | Killed Maggie
  3555 | D:6      | Reached XP level 8. HP: 79/79 MP: 7/7
  3746 | D:6      | Reached **** piety under Trog
  3828 | D:6      | Found Gimawk's Antique Weapon Shoppe.
  3828 | D:6      | Found Doosm's Magic Scroll Shoppe.
  3846 | D:6      | Reached skill level 5 in Fighting
  3852 | D:6      | Reached skill level 6 in Unarmed Combat
  4023 | D:6      | Reached skill level 5 in Dodging
  4260 | D:6      | Reached XP level 9. HP: 86/88 MP: 8/8
  4559 | D:7      | Found a basalt altar of Yredelemnul.
  4559 | D:7      | Found a broken altar of Ashenzari.
  4560 | D:7      | Found an opulent altar of Gozag.
  4625 | D:7      | Reached skill level 5 in Armour
  4720 | D:7      | Found a blossoming altar of Fedhas.
  4788 | D:7      | Reached skill level 7 in Unarmed Combat
  5404 | D:7      | Reached ***** piety under Trog
  5724 | D:7      | Identified a scroll of acquirement
  5724 | D:7      | Acquired a manual of Fighting
  6053 | D:8      | Reached XP level 10. HP: 72/102 MP: 9/9
  6285 | D:8      | Noticed Prince Ribbit
  6308 | D:8      | Killed Prince Ribbit
  6309 | D:8      | Reached skill level 8 in Unarmed Combat
  6310 | D:8      | HP: 26/153 [yak (8)]
  6317 | D:8      | HP: 20/153 [yak (11)]
  6861 | D:9      | Noticed a white ugly thing
  6869 | D:9      | Noticed a two-headed ogre
  6874 | D:8      | HP: 20/104 [white ugly thing (13)]
  6877 | D:8      | Killed a white ugly thing
  7063 | D:9      | Found a sparkling altar of Nemelex Xobeh.
  7209 | D:9      | Noticed a deep elf pyromancer
  7316 | D:9      | Killed a two-headed ogre
  7317 | D:9      | Reached skill level 9 in Unarmed Combat
  7603 | D:9      | Reached XP level 11. HP: 113/113 MP: 10/10
  7607 | D:9      | Killed a deep elf pyromancer
  8284 | D:10     | Entered Level 10 of the Dungeon
  8323 | D:10     | Found a shimmering altar of Xom.
  8684 | D:10     | Received a gift from Trog
  8885 | D:10     | Found a staircase to the Lair.
  9586 | D:10     | Found a staircase to the Orcish Mines.
  9663 | D:11     | Noticed a two-headed ogre
  9664 | D:11     | Identified the +2 leather armour "Witz" {Drain Fly rF++
                  | SInv}
  9669 | D:11     | Killed a two-headed ogre
  9717 | D:11     | Noticed a two-headed ogre
  9722 | D:11     | Killed a two-headed ogre
  9723 | D:11     | Reached skill level 10 in Fighting
  9887 | D:11     | Identified the ring of Rais {Ice rN+ MP+9}
  9952 | D:11     | Noticed a boulder beetle
  9966 | D:11     | Reached skill level 10 in Unarmed Combat
  9975 | D:11     | Killed a boulder beetle
 10141 | D:11     | Noticed a boulder beetle
 10153 | D:11     | Killed a boulder beetle
 10277 | D:11     | Found Zin's Purification Station.
 10277 | D:11     | Found a glowing silver altar of Zin.
 10382 | D:11     | Noticed a yaktaur captain
 10396 | D:11     | Killed a yaktaur captain
 10473 | D:11     | Noticed a six-headed hydra
 10476 | D:11     | Noticed an orc knight
 10518 | D:11     | Killed a ten-headed hydra
 10519 | D:11     | Killed an orc knight
 10520 | D:11     | Reached XP level 12. HP: 100/128 MP: 11/11
 10575 | D:11     | Noticed a five-headed hydra
 10884 | D:11     | Noticed a fire dragon
 10906 | D:11     | Killed a six-headed hydra
 10915 | D:11     | Killed a fire dragon
 11251 | Lair:1   | Entered Level 1 of the Lair of Beasts
 11295 | Lair:1   | Noticed a boulder beetle
 11309 | Lair:1   | Killed a boulder beetle
 11514 | Lair:1   | Noticed a catoblepas
 11531 | Lair:1   | Killed a catoblepas
 11648 | Lair:1   | Found a dark tunnel.
 11710 | Volcano  | Entered a volcano
 11759 | Volcano  | Reached skill level 11 in Unarmed Combat
 11983 | Volcano  | Noticed a fire dragon
 11983 | Volcano  | Found the +2 cloak of the Thief {*Fog Slay-2 SInv Stlth+}
 12005 | Volcano  | Killed a fire dragon
 12903 | Lair:2   | Noticed a catoblepas
 12914 | Lair:2   | Killed a catoblepas
 12915 | Lair:2   | Reached XP level 13. HP: 140/140 MP: 12/12
 13131 | Lair:2   | Found an ornate altar of the Wu Jian Council.
 13199 | Lair:2   | Found a runed translucent door.
 13200 | Lair:2   | Noticed MrSquiggles's ghost (journeyman OpCj)
 13512 | Lair:2   | Killed MrSquiggles's ghost
 13582 | Lair:3   | Reached skill level 10 in Dodging
 13684 | Lair:3   | Found a staircase to the Shoals.
 14087 | Lair:3   | Found a hole to the Spider Nest.
 14475 | Lair:4   | Identified the +5 hand axe "Hoguthy" {vorpal, rC+}
 14491 | Lair:4   | Reached skill level 12 in Unarmed Combat
 14525 | Lair:4   | Received a gift from Trog
 15012 | Lair:5   | Entered Level 5 of the Lair of Beasts
 15227 | Lair:5   | Reached skill level 10 in Armour
 15551 | Lair:5   | Reached ****** piety under Trog
 15594 | Lair:5   | Received a gift from Trog
 15678 | Lair:5   | Found a staircase to the Slime Pits.
 15981 | Lair:5   | Reached XP level 14. HP: 100/153 MP: 13/13
 16032 | Lair:5   | Identified the +5 ring mail of Greed {rN+ rCorr Dex+4}
 16167 | Lair:5   | Identified the +8 executioner's axe "Troll's Regret"
                  | {vorpal, *Corrode +Blink rElec rN+} (Trog gifted it to you
                  | on level 5 of the Lair of Beasts)
 16167 | Lair:5   | Received a gift from Trog
 16218 | Lair:5   | Reached skill level 13 in Unarmed Combat
 17204 | D:12     | Identified the +6 scale mail "Zofiq" {Str+9}
 17476 | D:12     | Found a gate leading to a gauntlet.
 17483 | Gauntlet | Entered a Gauntlet
 17483 | Gauntlet | Found a transporter.
 17483 | Gauntlet | Found a transporter.
 17483 | Gauntlet | Found a transporter.
 17487 | Gauntlet | Found a transporter.
 17487 | Gauntlet | Found a transporter.
 17488 | Gauntlet | Found a transporter.
 17492 | Gauntlet | Noticed a quicksilver ooze
 17571 | Gauntlet | Found a transporter.
 17574 | Gauntlet | Found a transporter.
 17590 | Gauntlet | Found a transporter.
 17607 | Gauntlet | Found a large runed translucent door.
 17608 | Gauntlet | Found a large runed translucent door.
 17609 | Gauntlet | Found a large runed translucent door.
 17609 | Gauntlet | Found a large runed translucent door.
 17610 | Gauntlet | Found a runed translucent gate.
 17611 | Gauntlet | Found a transporter.
 17611 | Gauntlet | Found a runed translucent gate.
 17612 | Gauntlet | Found a runed translucent gate.
 17613 | Gauntlet | Found a large runed translucent door.
 17613 | Gauntlet | Found a large runed translucent door.
 17614 | Gauntlet | Found a large runed translucent door.
 17615 | Gauntlet | Found a large runed translucent door.
 17626 | Gauntlet | Found a large runed translucent door.
 17626 | Gauntlet | Found a large runed translucent door.
 17626 | Gauntlet | Found a runed translucent door.
 17626 | Gauntlet | Found a runed translucent door.
 17627 | Gauntlet | Found a large runed translucent door.
 17628 | Gauntlet | Found a large runed translucent door.
 17630 | Gauntlet | Found a transporter.
 17634 | Gauntlet | Found a transporter.
 17638 | Gauntlet | Found a large runed translucent door.
 17638 | Gauntlet | Found a large runed translucent door.
 17639 | Gauntlet | Found a large runed translucent door.
 17639 | Gauntlet | Noticed a reaper
 17640 | Gauntlet | Found a large runed translucent door.
 17828 | Gauntlet | Identified the ring "Edwacv Puent" {rF+ rC- Str+5 Dex+4
                  | Slay+4}
 17851 | Gauntlet | Identified the ring of Upseunol {Wiz Will+}
 17913 | Gauntlet | Identified the ring "Wuud" {Ice Int+2}
 18104 | Orc:1    | Entered Level 1 of the Orcish Mines
 18220 | Orc:2    | Entered Level 2 of the Orcish Mines
 18521 | Orc:2    | Received a gift from Trog
 18706 | Orc:2    | Found a staircase to the Elven Halls.
 18706 | Orc:2    | Noticed Josephine
 18712 | Orc:2    | Killed Josephine
 18835 | Orc:2    | Received a gift from Trog
 18892 | Orc:2    | Found Ommuryj's Jewellery Emporium.
 18892 | Orc:2    | Found Paimm's General Store.
 18949 | Orc:2    | Bought an amulet of regeneration for 420 gold pieces
 18994 | Orc:2    | Found Lafer's Armour Emporium.
 18994 | Orc:2    | Found Loimefury's General Store.
 20247 | D:6      | Bought a scroll of blinking for 90 gold pieces
 21086 | D:13     | Acquired the +3 shadow dragon scales of the Sufficient
                  | Heron {rN+ Int+3 Stlth++++}
 21604 | D:13     | Reached skill level 14 in Unarmed Combat
 21604 | D:13     | Reached XP level 15. HP: 152/162 MP: 14/14
 21702 | D:13     | Found a shimmering blue altar of Sif Muna.
 22136 | D:14     | Found a stormy altar of Qazlal.
 22214 | D:14     | Found a gate to the Vaults.
 22346 | D:14     | Found an ancient bone altar of Kikubaaqudgha.
 22739 | D:15     | Entered Level 15 of the Dungeon
 23225 | D:15     | Found a staircase to the Depths.
 23443 | D:15     | Identified the +1 ring mail "Gutufa" {rElec rCorr Dex+8}
 23811 | Temple   | Acquired the ring of Caarghos {rN+ Str+8}
 24070 | Spider:1 | Entered Level 1 of the Spider Nest
 24205 | Spider:1 | Received a gift from Trog
 24214 | Spider:1 | HP: 31/165 [jumping spider (10)]
 24955 | Spider:1 | Reached skill level 15 in Unarmed Combat
 25183 | Spider:1 | HP: 37/247 [spark wasp (16)]
 25183 | Spider:1 | HP: 16/247 [spark wasp (17)]
 25186 | Spider:1 | HP: 2/247 [spark wasp (20)]
 25186 | Spider:1 | Slain by a spark wasp

Illustrated notes

Levels and vault maps discovered:
D:1:      roderic_crossed_star, layout_basic
D:2:      layout_rooms
D:3:      layout_basic, marbit_many_paths
D:4:      layout_loops_corners, lemuel_doored_altar,
          nicolae_tso_carved_into_rock, minmay_temple_entry_arrows,
          serial_shops, nicolae_shop_bloodbath_and_beyond
D:5:      layout_gridville, grunt_dithmenos_shadows
D:6:      layout_loops_ring, hangedman_abyss_or_decor_lesser_grid,
          nicolae_wooded_promenade, uniq_maggie
D:7:      layout_cave_pods, chequers_temple_overflow_statue_of_worship,
          fedhas_altar_decomposition
D:8:      layout_cave_pods, uniq_prince_ribbit1
D:9:      layout_stronghold, nemelex_spade_bored_becter,
          nicolae_overflow_hidden_temple, minmay_mirror_moons_of_madness
D:10:     layout_roguey, mainiacjoe_overflow_brackets, david_lair_generic,
          hiddenorc1_lemuel, kennysheep_pointless_box
D:11:     minmay_sliced_demisemicircle, layout_irregular_city, zin_purify
D:12:     layout_cave_pools, gauntlet_entry_generic
D:13:     layout_basic, tgw_sif
D:14:     layout_cross, david_vaults_1, nicolae_qazlal_style_of_elements,
          kennysheep_vampire_church
D:15:     grunt_enter_depths_magical_seal, layout_irregular_city
Temple:   corrupted_temple
Lair:1:   layout_roguey [special_room_bee], enter_volcano_3, lemuel_fruit_tree
Lair:2:   layout_gridlike, ebering_ghost_inner_flame, st_stairs_13,
          lemuel_centaur_altar
Lair:3:   layout_regular_city, elwin_shoals_entry_stream,
          spider_nest_entry_webs, lemuel_fruit_fields
Lair:4:   layout_roguey
Lair:5:   minmay_lair_end_enchanted_forest, layout_concentric_octagons,
          nicolae_slime_entry_slimehenge, minmay_hedge_maze
Spider:1: layout_spider_delve, nicolae_spider_paper_wasps
Orc:1:    cheibrodos_orc_bank, layout_caves, basic_altar
Orc:2:    st_orc_town, layout_caves, mines1_david, uniq_josephine

Skill      XL: |  1  2  3  4  5  6  7  8  9 10 11 12 13 14 15 |
---------------+----------------------------------------------+-----
Armour         | 1 2 3 4 5 7 8 9 10 11 12 | 12.5
Fighting       | 3 4 5 7 8 10 12 13 14 | 14.5
Dodging        | 3 4 5 6 7 8 9 10 11 12 | 12.8
Unarmed Combat | 4 5 6 7 9 10 11 12 14 15 | 15.0

Action                   |  1- 3 |  4- 6 |  7- 9 | 10-12 | 13-15 || total
-------------------------+-------+-------+-------+-------+-------++-------
Melee: Unarmed           |    96 |   150 |   240 |   588 |  1246 ||  2320
       Punch             |     3 |     1 |    12 |    19 |   116 ||   151
       Executioner's axe |       |       |       |       |     2 ||     2
 Fire: Arbalest          |       |       |       |       |     6 ||     6
Throw: Dart              |       |       |       |       |     1 ||     1
Invok: Berserk           |     1 |     1 |     3 |    15 |    10 ||    30
       Trog's Hand       |       |       |       |     3 |     1 ||     4
       Brothers in Arms  |       |       |       |     2 |       ||     2
Evoke: Wand              |       |       |     7 |     5 |    13 ||    25
       Phantom mirror    |       |       |       |     1 |       ||     1
  Use: Potion            |       |       |     2 |     5 |       ||     7
       Scroll            |       |       |    15 |    10 |     5 ||    30
 Stab: Sleeping          |     1 |       |       |       |     5 ||     6
       Invisible         |       |       |     2 |       |       ||     2
       Petrified         |       |       |       |       |     3 ||     3
Armor: Animal skin       |    37 |    62 |     4 |       |       ||   103
       Steam dragon scal |       |       |    67 |   184 |       ||   251
       Fire dragon scale |       |       |       |   142 |   533 ||   675
       Shadow dragon sca |       |       |       |       |   272 ||   272
       Swamp dragon scal |       |       |       |       |   128 ||   128
Dodge: Dodged            |    39 |    93 |    85 |   383 |   931 ||  1531

Table legend: (Time is in decaauts)
 A = Elapsed time spent in this place.
 B = Non-inter-level travel time spent in this place.
 C = Inter-level travel time spent in this place.
 D = Time resting spent in this place.
 E = Time spent auto-exploring this place.
 F = Levels seen in this place.
 G = Mean time per level.
                   A        B        C        D        E       F      G
               +--------+--------+--------+--------+--------+-----+--------+
         Total |  25007 |  22088 |   2919 |   2992 |  13558 |  26 |  961.8 |
       Dungeon |  15787 |  13586 |   2201 |   2015 |   8937 |  15 | 1052.5 |
        Temple |    151 |    130 |     21 |      0 |     24 |   1 |  151.0 |
          Lair |   5010 |   4718 |    292 |    454 |   3087 |   5 | 1002.0 |
   Spider Nest |   1066 |   1066 |      0 |    260 |    430 |   1 | 1066.0 |
  Orcish Mines |   2087 |   1683 |    404 |     48 |   1045 |   2 | 1043.5 |
       Volcano |    434 |    434 |      0 |     93 |     35 |   1 |  434.0 |
      Gauntlet |    470 |    470 |      0 |    120 |      0 |   1 |  470.0 |
               +--------+--------+--------+--------+--------+-----+--------+

Top non-repeatable levels by time:
     D:9: 1669 daAuts
    D:11: 1651 daAuts
    D:10: 1626 daAuts
     D:7: 1520 daAuts
  Lair:5: 1497 daAuts
     D:4: 1303 daAuts
   Orc:2: 1260 daAuts
     D:8: 1229 daAuts
     D:6: 1122 daAuts
Spider:1: 1066 daAuts
  Lair:2: 978 daAuts
  Lair:1: 968 daAuts
  Lair:3: 924 daAuts
    D:13: 874 daAuts
    D:15: 837 daAuts
